 Dungeon Crawl Stone Soup version 0.32-a0-391-gce5c0aab1b (webtiles) character file.

Game seed: 5917872161942447903

183 ytrimaz the Chopper (level 5, 0/41 HPs)
             Began as a Coglin Gladiator on Feb 19, 2024.
             Slain by Jessica
             ... wielding a +3 spectral club
              (7 damage)
             ... on level 3 of the Dungeon.
             The game lasted 00:02:05 (2275 turns).

ytrimaz the Chopper (Coglin Gladiator)              Turns: 2275, Time: 00:02:05

Health: 0/41       AC:  5    Str: 14 (16) XL:     5   Next: 62%
Magic:  5/5        EV: 12    Int:  7      God:
Gold:   149        SH:  0    Dex: 14      Spells: 4/4 levels left

rFire   . . .        a - +0 war axe {Fatehjeet}
rCold   . . .        p - +2 short sword (protect) {Thatsani}
rNeg    . . .        b - +0 leather armour
rPois   .            c - +0 helmet
rElec   .            (no cloak)
rCorr   +            (no gloves)
SInv    .            j - +0 pair of boots
Will    +....        (no amulet)
Stlth   +            m - ring of resist corrosion
HPRegen 0.26/turn    (no ring)
MPRegen 0.09/turn

%: no passive effects
@: enlightened, flying
A: off-hand wielding, slow wielding, warmup strikes, warmup strides, clumsy 1
a: no special abilities


You were on level 3 of the Dungeon.
You visited 1 branch of the dungeon, and saw 3 of its levels.

You collected 149 gold pieces.


Innate Abilities, Weirdness & Mutations

You can wield a second weapon in your off-hand.
It takes a long time for you to wield or remove held weapons.
Your first few attacks do less damage.
Your first movements take longer.
You are clumsy. (Dex -2)


   Skills:
 + Level 3.2 Fighting
 * Level 4.8 Axes
 - Level 1.7 Throwing
 + Level 2.1 Armour
 - Level 2.6 Dodging


You had 4 spell levels left.
You didn't know any spells.
Your spell library contained the following spells:

 Spells                   Type           Power      Damage    Failure   Level
 Freeze                   Ice            0%         1d3       50%         1
 Frozen Ramparts          Ice            0%         1d1       86%         3
 Hailstorm                Conj/Ice       0%         3d5       86%         3

Inventory:

Hand Weapons
 a - a +0 war axe (weapon) {Fatehjeet}
 p - a +2 short sword of protection (worn) {Thatsani}
   (You took it off an orc on level 3 of the Dungeon)
Missiles
 d - 3 throwing nets (quivered)
 e - a javelin
Armour
 b - a +0 leather armour (worn)
 c - a +0 helmet (worn)
 j - a +0 pair of boots (worn)
   (You found it on level 2 of the Dungeon)
Jewellery
 m - a ring of resist corrosion (left grasper)
   (You found it on level 2 of the Dungeon)
Wands
 k - a wand of light (10)
   (You found it on level 2 of the Dungeon)
 o - a wand of polymorph (7)
   (You found it on level 2 of the Dungeon)
Scrolls
 f - a scroll of revelation
 g - 2 scrolls of fear {unknown}
 h - 2 scrolls of teleportation
 l - 2 scrolls of immolation
 q - a scroll of identify
Potions
 n - a potion of brilliance

Dungeon Overview and Level Annotations

Branches:
Dungeon (3/15) Zot: 15591

Altars:

Annotations:
D:3 1 runed translucent door, Findleman's ghost, amateur MDFi; Jessica

.##.#.##
#.##.#.## #.#
.#.##.#†## #.#
#.#.##.#.## #.#
##.#.##.#.## #.#
(##†#.##.#.#
##.##
...#.##.#.##
#...######
#.#.##.#.##
###@(.......
.#.##.#.##
#...@...#####
#.##.#.##
#............
###.#.##
#%..†)..#####
.#.#†##
###...### ###
#.#.##
#...#########.##
.#.##
###............#
#.##
###########.##
### ####.# .#
#....#


You could see a +3 spectral club and Jessica (fast).


Message History

A ball python comes into view.
You see here a ball python corpse.
You closely miss the rat with your +0 war axe.
You closely miss the rat with your +2 short sword of protection.
The rat closely misses you. x2
The ball python hisses angrily.
You hit the rat with your +0 war axe.
You kill the rat! 😕 HP[+1]
The ball python barely misses you. x2
Unknown command.
You barely miss the ball python with your +0 war axe.
You hit the ball python with your +2 short sword of protection.
Your weapon exudes an aura of protection.
You kill the ball python!
You see here a ball python corpse. 😕 HP[+1] Unknown command.
No target in view!
l - 2 scrolls of immolation (gained 1) Key pressed, stopping explore.
Key pressed, stopping explore.
Key pressed, stopping explore.
No target in view! 😎 HP[+3]
Your hp is fully restored (41).
Found a runed translucent door.
No reachable target in view!
The rat twitches its whiskers.
There is a stone staircase leading up here.
Key pressed, stopping explore.
No target in view!
Key pressed, stopping explore.
Findleman's ghost shouts, "There is no future for me!"
Key pressed, stopping explore.
Key pressed, stopping explore.
Jessica, a dart slug and a bat come into view.
Jessica is wielding a +3 spectral club.
Jessica shouts!
The bat barely misses you. The bat barely misses you.
The bat hits you but does no damage.
Jessica points at you and mumbles some strange words.
Pain shoots through your body! 😕 HP[-9]
You take 9 damage, and now have 32/41 hp.
MASSIVE DAMAGE!! (PAUSE)
The bat hits you but does no damage.
Jessica gestures wildly while chanting.
Jessica blinks!
You see here a +0 long sword.
You slash the dart slug with your +0 war axe!
You kill the dart slug!
You hit the bat with your +0 war axe.
You kill the bat!
Jessica gestures wildly while chanting.
Jessica seems to speed up.
Jessica hits you with a +3 spectral club!
The +3 spectral club hits you.
Jessica hits you with a +3 spectral club.
* * * LOW HITPOINT WARNING * * *
The +3 spectral club hits you!
* * * LOW HITPOINT WARNING * * *
A +3 spectral club comes into view. 😱 HP[-23]
You take 23 damage, and now have 9/41 hp.
MASSIVE DAMAGE!! (PAUSE)
You are too injured to fight recklessly!
You are too injured to fight recklessly!
Unknown command.
You hit Jessica but do no damage.
Your weapon exudes an aura of protection.
You barely miss Jessica with your +0 war axe.
You hit the +3 spectral club but do no damage.
Jessica casts a spell.
Jessica blinks!
Unknown command.
Unknown command.
You feel better.
The +3 spectral club disappears.
Jessica closely misses you. The +3 spectral club barely misses you.
A +3 spectral club comes into view. 😨 HP[+10]
You regained 10 hp, and now have 19/41 hp.
It was a potion of enlightenment.
You feel very buoyant.
You fly up into the air.
Jessica casts a spell.
Jessica blinks! 😨 HP[+1] Unknown command.
The +3 spectral club disappears.
Jessica hits you with a +3 spectral club.
* * * LOW HITPOINT WARNING * * *
The +3 spectral club barely misses you.
Jessica hits you with a +3 spectral club.
* * * LOW HITPOINT WARNING * * *
The +3 spectral club hits you.
* * * LOW HITPOINT WARNING * * *
Jessica hits you with a +3 spectral club!
You die...

Skill      XL: |  1  2  3  4  5 |
---------------+----------------+-----
Armour         | 1 2 |  2.1
Axes           | 4 |  4.8
Fighting       | 3 |  3.2
Throwing       | |  1.7
Dodging        | |  2.6

Action                     |  1- 3 |  4- 6 || total
---------------------------+-------+-------++-------
  Melee: War axe           |    86 |    57 ||   143
         Short sword       |       |    37 ||    37
    Use: Scroll            |     4 |       ||     4
         Potion            |     1 |     6 ||     7
   Stab: Sleeping          |     1 |       ||     1
 Armour: Leather armour    |    58 |    42 ||   100
  Dodge: Dodged            |    75 |    41 ||   116

Levels and vault maps discovered:
D:1:      dpeg_arrival_simpleton_b, layout_basic, minivault_23
D:2:      layout_loops_ring
D:3:      minmay_inner_zag, layout_loops_ring,
          hellmonk_ecumenical_altar_blasted, ebering_ghost_sewer_f,
          minmay_gold_behind_fungi, uniq_jessica

Notes
Turn   | Place    | Note
-------+----------+-------------------------------------------
     0 | D:1      | ytrimaz the Coglin Gladiator began the quest for the Orb.
     0 | D:1      | Reached XP level 1. HP: 16/16 MP: 1/1
     0 | D:1      | magus.rc [v1.9.6]
   129 | D:1      | You pick up a book of Frost and begin reading...
   129 | D:1      | You add the spells Freeze, Frozen Ramparts and Hailstorm to
                  | your library.
   326 | D:1      | Reached XP level 2. HP: 18/22 MP: 2/2
   758 | D:2      | Reached skill level 1 in Armour
   760 | D:2      | Reached XP level 3. HP: 28/28 MP: 3/3
   794 | D:2      | Gained mutation: You are clumsy. (Dex -2) [potion of
                  | mutation]
  1315 | D:2      | Reached skill level 4 in Axes
  1315 | D:2      | Reached XP level 4. HP: 31/34 MP: 4/4
  1429 | D:3      | Found a faded altar of an unknown god.
  1447 | D:3      | HP: 6/34 [ribbon worm (5)]
  1687 | D:3      | Reached skill level 3 in Fighting
  1733 | D:3      | Reached XP level 5. HP: 41/41 MP: 5/5
  1779 | D:3      | Reached skill level 2 in Armour
  2113 | D:3      | Found a runed translucent door.
  2113 | D:3      | Noticed Findleman's ghost (amateur MDFi)
  2265 | D:3      | Noticed Jessica
  2271 | D:3      | HP: 9/41 [+3 spectral club[Jessica] (7)]
  2275 | D:3      | Slain by Jessica

Vanquished Creatures
  A bombardier beetle (D:3)
  An iguana (D:3)
  A gnoll (D:2)
  4 adders
  A ribbon worm (D:3)
  A dart slug (D:3)
  An orc (D:3)
  An endoplasm (D:2)
  4 giant cockroaches
  3 goblins
  7 hobgoblins
  2 quokkas
  6 ball pythons
  5 bats
  A frilled lizard (D:1)
  2 kobolds
  5 rats
46 creatures vanquished.

Table legend:
 A = Non-vault XP
 B = Vault XP
 C = Vault XP percentage of total XP
 D = Non-vault monster count
 E = Vault monster count
 F = Vault count percentage of total count
                 A         B        C        D         E       F
            +---------+---------+-------+---------+---------+-------
      Total |     160 |     102 |  38.9 |      41 |       5 |  10.9
            +---------+---------+-------+---------+---------+-------
        D:1 |      24 |       0 |   0.0 |      10 |       0 |   0.0
        D:2 |      71 |       0 |   0.0 |      17 |       0 |   0.0
        D:3 |      65 |     102 |  61.1 |      14 |       5 |  26.3
            +---------+---------+-------+---------+---------+-------

Skill      XL: |  1  2  3  4  5 |
---------------+----------------+-----
Armour         | 1 2 |  2.1
Axes           | 4 |  4.8
Fighting       | 3 |  3.2
Throwing       | |  1.7
Dodging        | |  2.6

Action                     |  1- 3 |  4- 6 || total
---------------------------+-------+-------++-------
  Melee: War axe           |    86 |    57 ||   143
         Short sword       |       |    37 ||    37
    Use: Scroll            |     4 |       ||     4
         Potion            |     1 |     6 ||     7
   Stab: Sleeping          |     1 |       ||     1
 Armour: Leather armour    |    58 |    42 ||   100
  Dodge: Dodged            |    75 |    41 ||   116

Illustrated notes

Table legend:
 A = Kills in this place as a percentage of kills in the entire game.
 B = Kills by you in this place as a percentage of kills by you in the entire game.
 C = Kills by friends in this place as a percentage of kills by friends in the entire game.
 D = Other kills in this place as a percentage of other kills in the entire game.
 E = Experience gained in this place as a percentage of experience gained in the entire game.
 F = Experience gained in this place divided by the number of levels of this place that you have seen.
                   A       B       C       D       E      F
               +-------+-------+-------+-------+-------+----------------------
         Total | 100.0 | 100.0 |   N/A |   N/A | 100.0 |  87.3
       Dungeon | 100.0 | 100.0 |   N/A |   N/A | 100.0 |  87.3
               +-------+-------+-------+-------+-------+----------------------

Table legend: (Time is in decaauts)
 A = Elapsed time spent in this place.
 B = Non-inter-level travel time spent in this place.
 C = Inter-level travel time spent in this place.
 D = Time resting spent in this place.
 E = Time spent auto-exploring this place.
 F = Levels seen in this place.
 G = Mean time per level.
                   A        B        C        D        E       F      G
               +--------+--------+--------+--------+--------+-----+--------+
         Total |   2406 |   2356 |     50 |      0 |   1861 |   3 |  802.0 |
       Dungeon |   2406 |   2356 |     50 |      0 |   1861 |   3 |  802.0 |
               +--------+--------+--------+--------+--------+-----+--------+

Top non-repeatable levels by time:
     D:3: 899 daAuts
     D:2: 818 daAuts
     D:1: 688 daAuts
